 Dungeon Crawl Stone Soup version 0.24-a0-275-g6f7e2cb (webtiles) character file.

Game seed: 16618041987407069243

364 Gorice the Magician (level 6, -10/44 HPs)
             Began as a Gnoll Wizard on Apr 28, 2019.
             Killed by divine providence
             ... invoked by an orc priest
              (12 damage)
             ... on level 5 of the Dungeon.
             The game lasted 00:14:45 (3541 turns).

Gorice the Magician (Gnoll Wizard)                  Turns: 3541, Time: 00:14:46

Health: -10/44     AC:  4    Str:  9    XL:     6   Next: 67%
Magic:  3/16       EV: 15    Int: 22    God:
Gold:   97         SH:  0    Dex: 14    Spells: 6/19 levels left

rFire    . . .     SeeInvis .   j - -3 whip (curse)
rCold    . . .     Gourm    .   (no shield)
rNeg     . . .     Faith    .   h - +0 robe
rPois    .         Spirit   .   b - +1 hat
rElec    .         Reflect  .   (no cloak)
rCorr    .         Harm     .   g - +0 pair of gloves
MR       .....                  (no boots)
Stlth    ++........             (no amulet)
HPRegen  0.14/turn              m - ring of flight
MPRegen  0.15/turn              n - ring of attention (curse)

@: lethally poisoned (-10 -> -11), berserk cooldown, slowed, very slow
A: distributed training, fangs 1, strong nose
a: Evoke Flight


You were on level 5 of the Dungeon.
You were hungry.

You visited 1 branch of the dungeon, and saw 5 of its levels.

You collected 97 gold pieces.

Inventory:

Hand Weapons
 a - a +0 short sword
 j - a cursed -3 whip (weapon)
 o - a +0 short sword
 q - a +2 dagger of freezing
   (You took it off a kobold on level 2 of the Dungeon)
Missiles
 c - 4 javelins (quivered)
 i - 16 sling bullets
 Y - 35 stones
Armour
 b - a +1 hat (worn)
 g - a +0 pair of gloves (worn)
 h - a +0 robe (worn)
Jewellery
 m - a ring of flight (left hand)
 n - a cursed ring of attention (right hand)
Scrolls
 k - a scroll of enchant armour
 r - 3 scrolls of amnesia
 s - a scroll of identify
Potions
 p - a potion of brilliance {unknown}
Comestibles
 d - 5 rations
 f - a chunk of flesh


   Skills:
 + Level 2.0 Fighting
 + Level 2.0 Short Blades
 + Level 2.0 Long Blades
 + Level 2.0 Axes
 + Level 2.0 Maces & Flails
 + Level 2.0 Polearms
 + Level 2.0 Staves
 + Level 2.0 Slings
 + Level 2.0 Bows
 + Level 2.0 Crossbows
 + Level 2.0 Throwing
 + Level 2.0 Armour
 + Level 5.0 Dodging
 + Level 4.6 Stealth
 + Level 2.0 Shields
 + Level 2.0 Unarmed Combat
 + Level 7.4 Spellcasting
 + Level 2.6 Conjurations
 + Level 1.6 Hexes
 + Level 1.6 Charms
 + Level 2.6 Summonings
 + Level 1.6 Necromancy
 + Level 2.6 Translocations
 + Level 1.6 Transmutations
 + Level 1.6 Fire Magic
 + Level 1.6 Ice Magic
 + Level 1.6 Air Magic
 + Level 1.6 Earth Magic
 + Level 1.6 Poison Magic
 + Level 2.2 Invocations
 + Level 2.0 Evocations


You had 6 spell levels left.
You knew the following spells:

 Your Spells              Type           Power        Failure   Level  Hunger
a - Magic Dart            Conj           ###.         2%          1    None
b - Slow                  Hex            ###.....     6%          2    None
c - Conjure Flame         Conj/Fire      ###.....     10%         3    None
e - Mephitic Cloud        Conj/Pois/Air  ###.....     11%         3    None
i - Call Imp              Summ           ###.....     4%          2    None
J - Blink                 Tloc           N/A          4%          2    None

Your spell library contained the following spells:

 Spells                   Type           Power        Failure   Level  Hunger
 Apportation              Tloc           ###...       2%          1    None
 Summon Small Mammal      Summ           ###.         2%          1    None
 Animate Skeleton         Necr           N/A          4%          1    None
 Confusing Touch          Hex            ###...       4%          1    None


Dungeon Overview and Level Annotations

Branches:
Dungeon (6/15)
 Temple: D:4-7

Altars:
Elyvilon
Vehumet

Annotations:
D:6 UX: shafted here


Innate Abilities, Weirdness & Mutations

Your experience applies equally to all skills.
You have very sharp teeth.
Your uncanny sense of smell can sniff out nearby items.


Message History

Damage: 7 (max 12)
The worker ant bites you.
* * * LOW HITPOINT WARNING * * *
You are lethally poisoned!
The worker ant poisons you!
Damage: 2 (max 12)
* * * LOW HITPOINT WARNING * * *
You feel sick.
An orc comes into view.
Damage: 1 (max 12)
The worker ant closely misses you.
A red film seems to cover your vision as you go berserk!
You feel yourself moving faster!
You feel mighty!
You feel sick.
The orc shouts!
The worker ant bites you but does no damage.
You hit the worker ant.
The worker ant is severely wounded.
The worker ant closely misses you.
You barely miss the worker ant.
The worker ant is severely wounded.
The worker ant closely misses you.
You closely miss the worker ant.
The worker ant is severely wounded.
You closely miss the worker ant. You bite the worker ant.
You kill the worker ant!
You feel sick.
An orc comes into view.
Damage: 1 (max 12)
You feel a strong urge to attack something.
An orc priest comes into view. It is wielding a +0 short sword.
The orc priest shouts!
The orc closely misses you.
You see here 11 gold pieces.
You hit the orc but do no damage.
You are no longer berserk.
You are exhausted.
You feel yourself slow down.
* * * LOW HITPOINT WARNING * * *
You feel sick.
Damage: 3 (max 12) Unknown command.
Unknown command.
Unknown command.
The orc closely misses you. The orc misses you. The orc completely misses you.
* * * LOW HITPOINT WARNING * * *
You feel sick.
The orc priest mumbles some strange prayers to Beogh against you.
Beogh smites you!
You die...

##.###
#########.....
#..........#
#........o.#
#.....$....#
#..........#
#.......oo.#
#..........#
#.........@#
#.........>#
############


You could see an orc priest and 2 orcs.

Vanquished Creatures
  An ice beast (D:3)
  2 crimson imps
  An orc priest (D:3)
  An orc wizard (D:2)
  A worker ant (D:5)
  A worker ant zombie (D:3)
  3 adders
  An ooze (D:1)
  2 worms (D:2)
  3 dart slugs
  2 leopard geckos
  7 orcs
  6 bats
  6 giant cockroaches
  5 hobgoblins
  2 jackals (D:1)
  2 quokkas (D:2)
  2 ball pythons
  A ball python skeleton (D:2)
  4 frilled lizards
  6 goblins
  10 kobolds
  3 rats
72 creatures vanquished.

Notes
Turn   | Place    | Note
-------+----------+-------------------------------------------
     0 | D:1      | Gorice the Gnoll Wizard began the quest for the Orb.
     0 | D:1      | Reached XP level 1. HP: 13/13 MP: 8/8
    51 | D:1      | Reached skill level 2 in Conjurations
    51 | D:1      | Reached skill level 2 in Summonings
    51 | D:1      | Reached skill level 2 in Translocations
   252 | D:1      | Reached XP level 2. HP: 19/19 MP: 8/10
   564 | D:1      | Reached XP level 3. HP: 25/25 MP: 1/11
  1261 | D:2      | Learned a level 2 spell: Blink
  1264 | D:2      | Learned a level 2 spell: Call Imp
  1364 | D:2      | Reached skill level 1 in Fighting
  1364 | D:2      | Reached skill level 1 in Short Blades
  1364 | D:2      | Reached skill level 1 in Long Blades
  1364 | D:2      | Reached skill level 1 in Axes
  1364 | D:2      | Reached skill level 1 in Maces & Flails
  1364 | D:2      | Reached skill level 1 in Polearms
  1364 | D:2      | Reached skill level 1 in Staves
  1364 | D:2      | Reached skill level 1 in Slings
  1364 | D:2      | Reached skill level 1 in Bows
  1364 | D:2      | Reached skill level 1 in Crossbows
  1364 | D:2      | Reached skill level 1 in Throwing
  1364 | D:2      | Reached skill level 1 in Armour
  1364 | D:2      | Reached skill level 1 in Shields
  1364 | D:2      | Reached skill level 1 in Unarmed Combat
  1364 | D:2      | Reached skill level 1 in Invocations
  1364 | D:2      | Reached skill level 1 in Evocations
  1364 | D:2      | Reached XP level 4. HP: 30/32 MP: 4/13
  1808 | D:2      | Reached skill level 1 in Hexes
  1808 | D:2      | Reached skill level 1 in Charms
  1808 | D:2      | Reached skill level 1 in Necromancy
  1808 | D:2      | Reached skill level 1 in Transmutations
  1808 | D:2      | Reached skill level 1 in Fire Magic
  1808 | D:2      | Reached skill level 1 in Ice Magic
  1808 | D:2      | Reached skill level 1 in Air Magic
  1808 | D:2      | Reached skill level 1 in Earth Magic
  1808 | D:2      | Reached skill level 1 in Poison Magic
  2142 | D:2      | Learned a level 2 spell: Slow
  2146 | D:2      | Learned a level 3 spell: Conjure Flame
  2150 | D:2      | Learned a level 3 spell: Mephitic Cloud
  2296 | D:3      | Noticed an ice beast
  2470 | D:3      | Reached XP level 5. HP: 36/37 MP: 12/14
  2929 | D:3      | Found a radiant altar of Vehumet.
  2942 | D:3      | Found a white marble altar of Elyvilon.
  2979 | D:3      | HP: 8/37 [ice beast (9)]
  2991 | D:3      | HP: 6/37 [ice beast (3)]
  2991 | D:3      | HP: 1/37 [ice beast (5)]
  2994 | D:3      | Killed an ice beast
  2994 | D:3      | Reached skill level 2 in Invocations
  2994 | D:3      | Reached XP level 6. HP: 2/44 MP: 1/16
  3397 | D:3      | You fall through a shaft for 3 floors!
  3423 | D:6      | Reached skill level 2 in Fighting
  3423 | D:6      | Reached skill level 2 in Short Blades
  3423 | D:6      | Reached skill level 2 in Long Blades
  3423 | D:6      | Reached skill level 2 in Axes
  3423 | D:6      | Reached skill level 2 in Maces & Flails
  3423 | D:6      | Reached skill level 2 in Polearms
  3423 | D:6      | Reached skill level 2 in Staves
  3423 | D:6      | Reached skill level 2 in Slings
  3423 | D:6      | Reached skill level 2 in Bows
  3423 | D:6      | Reached skill level 2 in Crossbows
  3423 | D:6      | Reached skill level 2 in Throwing
  3423 | D:6      | Reached skill level 2 in Armour
  3423 | D:6      | Reached skill level 5 in Dodging
  3423 | D:6      | Reached skill level 2 in Shields
  3423 | D:6      | Reached skill level 2 in Unarmed Combat
  3423 | D:6      | Reached skill level 2 in Evocations
  3484 | D:5      | Entered Level 5 of the Dungeon
  3516 | D:5      | HP: 8/44 [worker ant (7)]
  3521 | D:5      | HP: 6/44 [worker ant (8)]
  3526 | D:5      | HP: 4/44 [worker ant (2)]
  3533 | D:5      | HP: 4/66 [poisoned by a worker ant]
  3540 | D:5      | HP: 2/44 [poisoned by a worker ant]
  3541 | D:5      | Killed from afar by an orc priest

Levels and vault maps discovered:
D:1:      minmay_arrival_wavy_path, layout_basic, minmay_distorted
D:2:      minmay_inner_zag, layout_basic, minmay_tripent
D:3:      layout_loops_corners, amethyst_overflow_temple_binary,
          lemuel_doored_altar, old_standard_altar
D:5:      layout_rooms, fedhas_altar_1, minmay_temple_entry_glass, first_ration,
          okawaru_ov_weapons_minmay
D:6:      layout_loops_ring, overflow_temple_1_default, cheibriados_altar_1

Skill      XL: |  1  2  3  4  5  6 |
---------------+-------------------+-----
Conjurations   | 2 |  2.6
Summonings     | 2 |  2.6
Translocations | 2 |  2.6
Fighting       | 1 2 |  2.0
Short Blades   | 1 2 |  2.0
Long Blades    | 1 2 |  2.0
Axes           | 1 2 |  2.0
Maces & Flails | 1 2 |  2.0
Polearms       | 1 2 |  2.0
Staves         | 1 2 |  2.0
Slings         | 1 2 |  2.0
Bows           | 1 2 |  2.0
Crossbows      | 1 2 |  2.0
Throwing       | 1 2 |  2.0
Armour         | 1 2 |  2.0
Shields        | 1 2 |  2.0
Unarmed Combat | 1 2 |  2.0
Invocations    | 1 2 |  2.2
Evocations     | 1 2 |  2.0
Hexes          | 1 |  1.6
Charms         | 1 |  1.6
Necromancy     | 1 |  1.6
Transmutations | 1 |  1.6
Fire Magic     | 1 |  1.6
Ice Magic      | 1 |  1.6
Air Magic      | 1 |  1.6
Earth Magic    | 1 |  1.6
Poison Magic   | 1 |  1.6
Dodging        | 5 |  5.0
Stealth        | |  4.6
Spellcasting   | |  7.4

Action                   |  1- 3 |  4- 6 || total
-------------------------+-------+-------++-------
Melee: Unarmed           |     1 |       ||     1
       Whip              |       |    20 ||    20
       Bite              |       |     3 ||     3
Throw: Javelin           |       |     7 ||     7
 Cast: Magic Dart        |    64 |   153 ||   217
       Mephitic Cloud    |       |     5 ||     5
       Conjure Flame     |       |     4 ||     4
       Blink             |       |     1 ||     1
  Use: Scroll            |     2 |     5 ||     7
       Potion            |       |     2 ||     2
  Eat: Chunk             |     1 |     6 ||     7
Armor: Robe              |       |    14 ||    14
Dodge: Dodged            |    10 |    53 ||    63

Table legend:
 A = Non-vault XP
 B = Vault XP
 C = Vault XP percentage of total XP
 D = Non-vault monster count
 E = Vault monster count
 F = Vault count percentage of total count
                 A         B        C        D         E       F
            +---------+---------+-------+---------+---------+-------
      Total |     491 |      29 |   5.6 |      63 |       9 |  12.5
            +---------+---------+-------+---------+---------+-------
        D:1 |      39 |       4 |   9.3 |      20 |       1 |   4.8
        D:2 |     126 |      25 |  16.6 |      23 |       8 |  25.8
        D:3 |     246 |       0 |   0.0 |      17 |       0 |   0.0
        D:5 |      32 |       0 |   0.0 |       1 |       0 |   0.0
        D:6 |      48 |       0 |   0.0 |       2 |       0 |   0.0
            +---------+---------+-------+---------+---------+-------

Table legend:
 A = Turns spent in this place as a percentage of turns spent in the entire game.
 B = Non-inter-level travel turns spent in this place as a percentage of non-inter-level travel turns spent in the entire game.
 C = Inter-level travel turns spent in this place as a percentage of turns spent in this place.
 D = Turns resting spent in this place as a percentage of non-inter-level travel turns spent in this place.
 E = Turns spent auto-exploring this place as a percentage of non-inter-level travel turns spent in this place.
 F = Non-inter-level travel turns spent in this place divided by the number of levels of this place that you've seen.
                   A       B       C       D       E      F
               +-------+-------+-------+-------+-------+----------------------
         Total | 100.0 | 100.0 |   3.4 |  32.2 |  37.5 | 684.4
       Dungeon | 100.0 | 100.0 |   3.4 |  32.2 |  37.5 | 684.4
               +-------+-------+-------+-------+-------+----------------------

Levels and vault maps discovered:
D:1:      minmay_arrival_wavy_path, layout_basic, minmay_distorted
D:2:      minmay_inner_zag, layout_basic, minmay_tripent
D:3:      layout_loops_corners, amethyst_overflow_temple_binary,
          lemuel_doored_altar, old_standard_altar
D:5:      layout_rooms, fedhas_altar_1, minmay_temple_entry_glass, first_ration,
          okawaru_ov_weapons_minmay
D:6:      layout_loops_ring, overflow_temple_1_default, cheibriados_altar_1
